[Event "Titled Tuesday Blitz June 14 Early 2022"]
[White "Mchedlishvili, Mikheil"]
[Black "Martinez Alcantara, Jose Eduardo"]
[WhiteFideId "13600966"]
[BlackFideId "3805662"]
[WhiteElo "2545"]
[BlackElo "2703"]
[Result "1-0"]
[Round "11"]
[TimeControl "180+1"]
[Date "2022.06.14"]
[WhiteClock "0:00:13"]
[BlackClock "0:00:48"]

1. d4 Nf6 2. Bf4 e6 3. e3 b6 4. Nf3 Bb7 5. h3 d6 6. c4 Nbd7 7. Nc3 g6 8. Bg5 h6 9. Bh4 Be7 10. Bd3 Rg8 11. Bg3 g5 12. Qc2 h5 13. O-O-O a6 14. Kb1 b5 15. cxb5 axb5 16. Bxb5 Qb8 17. Qb3 h4 18. Bh2 g4 19. hxg4 Rxg4 20. Rhg1 h3 21. Ne1 hxg2 22. f3 Rg8 23. e4 d5 24. e5 Nh7 25. Rxg2 Rh8 26. Nd3 Nf8 27. Bf4 c6 28. Ba4 Qa7 29. Qc2 Qxd4 30. Bg3 Qb6 31. Bf2 Qa5 32. f4 Nb6 33. Bxb6 Qxb6 34. f5 Nd7 35. fxe6 fxe6 36. Nf4 Nc5 37. Nxe6 Nxa4 38. Nxa4 Qa5 39. b3 Qb4 40. Nac5 Bxc5 41. Nxc5 Kd8 42. Rg7 Bc8 43. Qf2 Qh4 44. Qxh4+ Rxh4 45. Rf1 Rh8 46. a4 Re8 47. Rf6 Re7 48. Rxe7 Kxe7 49. Rxc6 Bf5+ 50. Kb2 Rh8 51. Rd6 Rh2+ 52. Kc3 Rd2 53. Kxd2 1-0


[Site "https://www.chess.com"]

[Event "Titled Tuesday Blitz June 14 Early 2022"]
[White "Morefield, Jason"]
[Black "Volkov, Maksim"]
[WhiteFideId "30920825"]
[BlackFideId "54123070"]
[WhiteElo "2171"]
[BlackElo "2155"]
[Result "0-1"]
[Round "11"]
[TimeControl "180+1"]
[Date "2022.06.14"]
[WhiteClock "0:00:06"]
[BlackClock "0:01:02"]

1. e4 e6 2. d4 d5 3. Nc3 Bb4 4. e5 c5 5. a3 Bxc3+ 6. bxc3 Qa5 7. Bd3 c4 8. Be2 Qxc3+ 9. Bd2 Qxd4 10. Nf3 Qb6 11. Rb1 Qc7 12. Bb4 Ne7 13. h4 Nbc6 14. Bd6 Qa5+ 15. Kf1 Nf5 16. Qc1 Nxd6 17. exd6 Qd8 18. Qf4 Qf6 19. Qg3 b6 20. h5 h6 21. Rh4 e5 22. Re1 O-O 23. Nd2 Qxd6 24. Kg1 Re8 25. Rd1 Qf6 26. Bxc4 dxc4 27. Ne4 Qe7 28. Rd6 Nd4 29. Qe3 Nf5 30. Nf6+ Qxf6 31. Rxf6 Nxe3 0-1


[Site "https://www.chess.com"]

[Event "Titled Tuesday Blitz June 14 Early 2022"]
[White "Narayanan, Srinath"]
[Black "Zhigalko, Sergei"]
[WhiteFideId "5018420"]
[BlackFideId "13502956"]
[WhiteElo "2472"]
[BlackElo "2662"]
[Result "0-1"]
[Round "11"]
[TimeControl "180+1"]
[Date "2022.06.14"]
[WhiteClock "0:00:44"]
[BlackClock "0:00:03"]

1. d4 Nf6 2. Nc3 d5 3. Bf4 a6 4. e3 e6 5. Nf3 b5 6. Ne5 Bb7 7. Bd3 c5 8. h4 Nc6 9. h5 c4 10. Be2 b4 11. Na4 Nxe5 12. Bxe5 Nd7 13. Bf4 Bc6 14. b3 Bxa4 15. bxa4 Qa5 16. e4 Nf6 17. exd5 Nxd5 18. Be5 b3+ 19. Kf1 b2 20. Rb1 Nc3 21. Qe1 Nxb1 22. Qxa5 Nc3 23. g3 b1=Q+ 24. Kg2 Qb7+ 25. Bf3 Nd5 26. Rb1 Qxb1 27. Bxd5 exd5 28. Qxd5 Rc8 29. Qe4 Qb6 30. d5 Be7 31. h6 O-O 32. Bxg7 Rfe8 33. f4 Qg6 34. f5 Qg5 35. Qd4 Bd6 36. g4 Re2+ 37. Kf3 Rce8 38. Bf6 R8e3+ 0-1


[Site "https://www.chess.com"]

[Event "Titled Tuesday Blitz June 14 Early 2022"]
[White "Perez Gormaz, Matias"]
[Black "Lopez Gracia, Fernando"]
[WhiteFideId "3406342"]
[BlackFideId "2207184"]
[WhiteElo "2341"]
[BlackElo "2466"]
[Result "1-0"]
[Round "11"]
[TimeControl "180+1"]
[Date "2022.06.14"]
[WhiteClock "0:02:17"]
[BlackClock "0:02:31"]

1. e4 e5 2. Nf3 Nc6 3. Bb5 a6 4. Ba4 Nf6 5. d3 Bc5 6. c3 b5 7. Bc2 d6 8. Bg5 h6 9. Bh4 O-O 10. a4 Rb8 11. axb5 axb5 12. O-O g5 13. Bg3 Kg7 14. Nbd2 Nh7 15. Re1 f5 16. exf5 Bxf5 17. d4 Bxc2 18. Qxc2 exd4 19. Ne4 Bb6 20. cxd4 Nf6 21. Qxc6 1-0


[Site "https://www.chess.com"]

[Event "Titled Tuesday Blitz June 14 Early 2022"]
[White "Pranav Anand"]
[Black "Korchmar, Vasiliy"]
[WhiteFideId "46626786"]
[BlackFideId "24131750"]
[WhiteElo "2259"]
[BlackElo "2370"]
[Result "1-0"]
[Round "11"]
[TimeControl "180+1"]
[Date "2022.06.14"]
[WhiteClock "0:00:27"]
[BlackClock "0:00:01"]

1. Nf3 d5 2. g3 Nf6 3. Bg2 Bg4 4. O-O e6 5. d3 Nbd7 6. Nbd2 Be7 7. h3 Bh5 8. Qe1 O-O 9. e4 a5 10. a4 Nc5 11. Nh2 dxe4 12. dxe4 Bg6 13. Ng4 Nxg4 14. hxg4 e5 15. Qe2 f6 16. Nc4 Qe8 17. b3 Qc6 18. Re1 Rfd8 19. Ba3 Bf8 20. g5 b6 21. gxf6 gxf6 22. Qg4 Qe6 23. Qh4 Rd4 24. Bb2 Rd7 25. Ne3 Qc6 26. Nd5 Bg7 27. Rad1 Kh8 28. f4 Rad8 29. fxe5 fxe5 30. Kh2 Rd6 31. Ne7 Qe8 32. Nd5 Qg8 33. c4 c6 34. Ne7 Qf7 35. Rxd6 Rxd6 36. Rf1 Qe8 37. Nf5 Rd2 38. Nxg7 Kxg7 39. Qf6+ Kg8 40. Bxe5 Rxg2+ 41. Kxg2 Bxe4+ 42. Kg1 1-0


[Site "https://www.chess.com"]

[Event "Titled Tuesday Blitz June 14 Early 2022"]
[White "Rodchenkov, Sergey D."]
[Black "Costachi, Mihnea"]
[WhiteFideId "4168712"]
[BlackFideId "1217518"]
[WhiteElo "2293"]
[BlackElo "2476"]
[Result "0-1"]
[Round "11"]
[TimeControl "180+1"]
[Date "2022.06.14"]
[WhiteClock "0:00:02"]
[BlackClock "0:01:32"]

1. e4 c5 2. Nf3 Nc6 3. Bb5 g6 4. O-O Bg7 5. Bxc6 dxc6 6. d3 Nf6 7. h3 O-O 8. e5 Nd5 9. Nc3 Nxc3 10. bxc3 c4 11. Bf4 Bf5 12. Nd4 Qd7 13. Re1 c5 14. Nxf5 Qxf5 15. Bh2 Rfd8 16. d4 cxd4 17. cxd4 c3 18. Rb1 b6 19. Rb3 Rac8 20. Re3 Rc4 21. Rd3 Qe4 22. f3 Qc6 23. d5 Qc8 24. Qe1 Qc5+ 25. Kh1 Rxd5 26. Rbxc3 Rxd3 27. Rxd3 Rxc2 28. Rd8+ Bf8 29. Bg3 Rxa2 30. e6 f6 31. Bd6 Qg5 32. Bxe7 Qxg2# 0-1


[Site "https://www.chess.com"]

[Event "Titled Tuesday Blitz June 14 Early 2022"]
[White "Sadhwani, Raunak"]
[Black "Durarbayli, Vasif"]
[WhiteFideId "35093487"]
[BlackFideId "13402935"]
[WhiteElo "2616"]
[BlackElo "2528"]
[Result "1-0"]
[Round "11"]
[TimeControl "180+1"]
[Date "2022.06.14"]
[WhiteClock "0:00:03"]
[BlackClock "0:00:02"]

1. e4 e5 2. Nf3 Nc6 3. Bb5 a6 4. Ba4 Nf6 5. d3 b5 6. Bb3 Bc5 7. Nc3 h6 8. Nd5 Rb8 9. c3 d6 10. h3 Nxd5 11. Bxd5 Ne7 12. Bb3 Bb6 13. a4 O-O 14. d4 Bb7 15. Bc2 Ng6 16. a5 Ba7 17. O-O Qf6 18. Be3 Rbd8 19. Re1 Rfe8 20. Qc1 c5 21. d5 Bb8 22. Nh2 Bc8 23. b4 c4 24. Bd1 Nf4 25. Bxf4 exf4 26. Bg4 Ba7 27. Bxc8 Rxc8 28. Qc2 Re7 29. Re2 Rce8 30. Rae1 Qg6 31. Nf3 Qf6 32. Qd2 g5 33. e5 dxe5 34. d6 Rd7 35. Nxe5 Qxd6 36. Nxd7 Qxd2 37. Nf6+ Kh8 38. Nxe8 Qxc3 39. Nd6 Qxb4 40. Nxf7+ Kg7 41. Re7 Bc5 42. Nd6+ Kg6 43. R7e6+ Kg7 44. Re7+ Kg6 45. R1e6+ Kh5 46. Rh7 Bxf2+ 47. Kxf2 Qd2+ 48. Kg1 Qd4+ 49. Kh2 g4 50. Rhxh6+ Kg5 51. Reg6# 1-0


[Site "https://www.chess.com"]

[Event "Titled Tuesday Blitz June 14 Early 2022"]
[White "Samadov, Read"]
[Black "Csonka, Balazs"]
[WhiteFideId "13417444"]
[BlackFideId "742910"]
[WhiteElo "2084"]
[BlackElo "2404"]
[Result "1-0"]
[Round "11"]
[TimeControl "180+1"]
[Date "2022.06.14"]
[WhiteClock "0:00:29"]
[BlackClock "0:00:04"]

1. d4 e6 2. c4 d5 3. Nc3 Bb4 4. Nf3 Nf6 5. Bg5 dxc4 6. e4 h6 7. Bxf6 Qxf6 8. Bxc4 c5 9. e5 Qd8 10. O-O cxd4 11. Ne4 O-O 12. Qe2 Be7 13. Rad1 Qc7 14. Bd3 Nd7 15. Rc1 Qa5 16. Ng3 Nc5 17. Bb1 Rd8 18. Rfd1 d3 19. Qe3 Qb6 20. a3 Na4 21. Qxb6 axb6 22. Rd2 Nxb2 23. Rxb2 Bxa3 24. Ra2 Bxc1 25. Rxa8 d2 26. Nxd2 Bxd2 27. Ne4 Bf4 28. Nd6 Bxe5 29. Rxc8 Rxc8 30. Nxc8 b5 31. Na7 b4 32. Nb5 Kf8 33. Kf1 Ke7 34. g3 g5 35. Ke2 f5 36. Kd3 h5 37. Kc4 h4 38. Kxb4 hxg3 39. hxg3 g4 40. Nc3 f4 41. Ne4 fxg3 42. fxg3 Kd7 43. Bd3 Ke7 44. Be2 Kd7 45. Bxg4 Ke7 46. Bf3 Bxg3 47. Nxg3 Kf6 48. Bxb7 Ke5 49. Kc5 Kf4 50. Ne4 e5 51. Kd5 Ke3 52. Kxe5 Kd3 53. Bd5 Ke3 54. Nc5 Kd2 55. Kd4 Ke2 56. Nd3 Kd2 57. Bf3 Kc2 58. Nc5 Kd2 59. Nb3+ Kc2 60. Kc4 Kb2 61. Bd1 Ka2 62. Kc3 Kb1 63. Bc2+ Ka2 64. Bd3 Ka3 65. Bb1 Ka4 66. Nd4 Ka5 67. Kc4 Kb6 68. Nb5 Kc6 69. Bf5 Kb6 70. Bd7 Ka5 71. Nc3 Kb6 72. Nd5+ Ka5 73. Kc5 Ka6 74. Kb4 Ka7 75. Ka5 Kb7 76. Kb5 Ka7 77. Bc8 Kb8 78. Ba6 Ka7 79. Ka5 Ka8 80. Kb6 Kb8 81. Nb4 Ka8 82. Bb7+ Kb8 83. Na6# 1-0


[Site "https://www.chess.com"]

[Event "Titled Tuesday Blitz June 14 Early 2022"]
[White "Sanal, Vahap"]
[Black "Iannaccone, Ernesto"]
[WhiteFideId "6300545"]
[BlackFideId "800163"]
[WhiteElo "2574"]
[BlackElo "2392"]
[Result "1-0"]
[Round "11"]
[TimeControl "180+1"]
[Date "2022.06.14"]
[WhiteClock "0:01:26"]
[BlackClock "0:00:50"]

1. Nf3 Nf6 2. g3 b6 3. Bg2 Bb7 4. O-O g6 5. b3 Bg7 6. Bb2 O-O 7. c4 c5 8. d3 d5 9. cxd5 Nxd5 10. Bxg7 Kxg7 11. Qc1 Nc6 12. Nc3 e6 13. Nxd5 Qxd5 14. Qb2+ Kg8 15. Nd2 Qd7 16. Ne4 Qd4 17. Qxd4 Nxd4 18. Nf6+ Kg7 19. Bxb7 Nxe2+ 20. Kg2 Kxf6 21. Bxa8 Rxa8 22. Rfe1 Nd4 23. Rac1 a5 24. Re4 Rd8 25. h4 h5 26. Rb1 Nc6 27. Rd1 Nb4 28. d4 Nxa2 29. Ra1 Nc3 30. Rf4+ Ke7 31. dxc5 bxc5 32. Rxa5 Rd2 33. Ra7+ Kd6 34. Rfxf7 Nd5 35. Ra6+ Ke5 36. Ra1 Rb2 37. Re1+ Kd4 38. Rxe6 Rxb3 39. Rxg6 c4 40. Rc6 c3 41. Rd7 Ke4 42. Rc4+ Kd3 43. Rxc3+ 1-0


[Site "https://www.chess.com"]

[Event "Titled Tuesday Blitz June 14 Early 2022"]
[White "Shirov, Alexei"]
[Black "Karolczuk, Iwo"]
[WhiteFideId "2209390"]
[BlackFideId "21816972"]
[WhiteElo "2678"]
[BlackElo "2281"]
[Result "0-1"]
[Round "11"]
[TimeControl "180+1"]
[Date "2022.06.14"]
[WhiteClock "0:00:09"]
[BlackClock "0:00:04"]

1. e4 c5 2. Nc3 Nc6 3. Nge2 e5 4. Ng3 d6 5. Bc4 Be7 6. d3 Nf6 7. f4 Be6 8. Bxe6 fxe6 9. f5 Qd7 10. O-O O-O 11. Bg5 Nd4 12. fxe6 Qxe6 13. Bxf6 Rxf6 14. Nd5 Rxf1+ 15. Nxf1 Rf8 16. c3 Nc6 17. Nfe3 Bg5 18. Qe2 Bxe3+ 19. Nxe3 Ne7 20. a4 b6 21. g3 g6 22. a5 b5 23. a6 Kg7 24. Ra5 Rb8 25. Ra1 Rf8 26. Qg4 Qxg4 27. Nxg4 Rb8 28. Kf2 Nc6 29. Ne3 Ne7 30. Ke2 Rb6 31. b4 cxb4 32. cxb4 Nc6 33. Nd5 Nd4+ 34. Kf2 Rc6 35. Ra2 Kf7 36. Kg2 Kg7 37. h4 h5 38. g4 hxg4 39. Kg3 Rc1 40. Kxg4 Rg1+ 41. Kh3 Rh1+ 42. Kg3 Rd1 43. Ra3 Rc1 44. Kf2 Rc2+ 45. Kf1 Nf3 46. Rc3 Rxc3 47. Nxc3 Nd4 48. Nd5 Nc6 49. Kf2 Kf7 50. Kg3 Kg7 51. Kg4 Kh6 52. Nf6 Nxb4 53. Ne8 Nxa6 54. Nxd6 b4 55. Nf7+ Kg7 56. Nxe5 Nc5 0-1


[Site "https://www.chess.com"]

[Event "Titled Tuesday Blitz June 14 Early 2022"]
[White "Snehal, Bhosale"]
[Black "Stelmaszyk, Nico"]
[WhiteFideId "5021995"]
[BlackFideId "16200462"]
[WhiteElo "2103"]
[BlackElo "2119"]
[Result "1-0"]
[Round "11"]
[TimeControl "180+1"]
[Date "2022.06.14"]
[WhiteClock "0:00:44"]
[BlackClock "0:01:26"]

1. d4 d5 2. c4 e6 3. Nf3 Nf6 4. Nc3 c5 5. cxd5 cxd4 6. Qxd4 Nxd5 7. Nxd5 Qxd5 8. Qxd5 exd5 9. Bd2 Nc6 10. e3 Bg4 11. Be2 Bd6 12. Bc3 O-O 13. Rd1 Be6 14. Nd4 Rac8 15. O-O b6 16. Nxe6 fxe6 17. e4 d4 18. Bxd4 Nxd4 19. Rxd4 Be5 20. Rd2 Rfd8 21. Rfd1 Rxd2 22. Rxd2 Rc1+ 23. Bf1 Kf8 24. g3 Ke7 25. f4 Bd6 26. Kg2 e5 27. f5 Bc5 28. g4 Bd4 29. h4 h6 30. b3 Rc3 31. Bc4 Re3 32. Bd5 Rc3 33. Re2 Re3 34. Rxe3 Bxe3 35. Kf3 Bd2 36. a4 Bc1 37. Ke2 Bf4 38. Kd3 Kd6 39. Kc4 Bg3 40. g5 Bxh4 41. f6 1-0


[Site "https://www.chess.com"]

[Event "Titled Tuesday Blitz June 14 Early 2022"]
[White "Starozhilov, Leonid"]
[Black "Indjic, Aleksandar"]
[WhiteFideId "14106752"]
[BlackFideId "911925"]
[WhiteElo "2414"]
[BlackElo "2616"]
[Result "0-1"]
[Round "11"]
[TimeControl "180+1"]
[Date "2022.06.14"]
[WhiteClock "0:00:03"]
[BlackClock "0:00:43"]

1. Nf3 Nf6 2. c4 c5 3. g3 Nc6 4. Bg2 d5 5. cxd5 Nxd5 6. Nc3 Nc7 7. O-O e5 8. d3 Be7 9. Be3 Bd7 10. Rc1 O-O 11. a3 b6 12. Nd2 Rc8 13. f4 exf4 14. gxf4 Kh8 15. Nc4 Nd4 16. Ne5 Be6 17. Nc6 Nxc6 18. Bxc6 Nd5 19. Bxd5 Bxd5 20. Nxd5 Qxd5 21. Qa4 f5 22. Qc4 Qb7 23. Rf3 Bf6 24. b4 b5 25. Qb3 Bd4 26. Bxd4 cxd4 27. Rxc8 Rxc8 28. Qe6 g6 29. Qe5+ Qg7 30. Qxb5 h5 31. Qe5 Rc3 32. Rf1 Rxa3 33. Rc1 Rc3 34. Ra1 Qxe5 35. fxe5 Rc7 36. Ra6 Kg7 37. Rd6 Re7 38. Rxd4 Rxe5 39. Rd7+ Kf6 40. Kf2 a5 41. bxa5 Rxa5 42. Kf3 Kg5 43. Rd6 Ra4 44. d4 Ra3+ 45. e3 h4 46. d5 Ra2 0-1


[Site "https://www.chess.com"]

[Event "Titled Tuesday Blitz June 14 Early 2022"]
[White "Steinberg, Nitzan"]
[Black "Nakamura, Hikaru"]
[WhiteFideId "2801795"]
[BlackFideId "2016192"]
[WhiteElo "2471"]
[BlackElo "2850"]
[Result "0-1"]
[Round "11"]
[TimeControl "180+1"]
[Date "2022.06.14"]
[WhiteClock "0:00:03"]
[BlackClock "0:00:24"]

1. e4 g6 2. d4 Bg7 3. Nc3 a6 4. Nf3 b5 5. Be3 Bb7 6. Bd3 d6 7. O-O Nd7 8. a4 b4 9. Nb1 Ngf6 10. Nbd2 O-O 11. a5 c5 12. c3 Rb8 13. h3 Ba8 14. Re1 Qc7 15. Bf4 bxc3 16. bxc3 Nh5 17. Bh2 Bh6 18. Bxa6 Rb2 19. Bf1 cxd4 20. cxd4 Qa7 21. Nc4 Rb4 22. g4 d5 23. exd5 Bxd5 24. Nb6 Nxb6 25. axb6 Qb7 26. Ba6 Qxb6 27. gxh5 Qf6 28. Ra3 Ra8 29. Be5 Qc6 30. Qe2 Bxf3 31. Qxf3 Qxf3 32. Rxf3 Rxa6 33. hxg6 hxg6 34. d5 Bf8 35. Rc3 Rb5 36. Rd1 Ra8 37. f4 f6 38. Bc7 Rc8 39. Kg2 Kf7 40. Kf3 Ke8 41. Ke4 Kd7 42. Rdc1 Bg7 43. Rc4 f5+ 44. Kf3 Rxd5 45. Bb6 Rd3+ 46. Be3 Rb8 47. Rc7+ Ke6 48. R1c6+ Kf7 49. Ke2 Rdb3 50. Bc5 Bf6 51. Rd7 Rxh3 52. Rcc7 Rb2+ 53. Kd1 Rh1+ 0-1


[Site "https://www.chess.com"]

[Event "Titled Tuesday Blitz June 14 Early 2022"]
[White "Tanenbaum, Zachary"]
[Black "Karacsonyi, Gellert"]
[WhiteFideId "2060850"]
[BlackFideId "764620"]
[WhiteElo "2175"]
[BlackElo "2187"]
[Result "1-0"]
[Round "11"]
[TimeControl "180+1"]
[Date "2022.06.14"]
[WhiteClock "0:00:19"]
[BlackClock "0:00:01"]

1. e4 c5 2. Nf3 Nc6 3. Nc3 g6 4. d4 cxd4 5. Nxd4 Bg7 6. Be3 Nf6 7. Bc4 O-O 8. Bb3 Re8 9. O-O d6 10. h3 Na5 11. f4 b6 12. f5 Bb7 13. fxg6 hxg6 14. Ne6 fxe6 15. Bxe6+ Kf8 16. Nd5 Bc8 17. Nf4 Bh6 18. Nxg6+ Kg7 19. Bxh6+ Kxh6 20. Bf7 Kg7 21. Bxe8 Qxe8 22. e5 dxe5 23. Nxe5 Qb5 24. Qe1 Be6 25. Qg3+ Kf8 26. Rae1 Qc5+ 27. Kh1 Qd5 28. Ng6+ Kf7 29. Nf4 Qd6 30. Rxe6 Qc5 31. Qg6+ Kf8 32. Rxf6+ 1-0


[Site "https://www.chess.com"]

[Event "Titled Tuesday Blitz June 14 Early 2022"]
[White "Tica, Sven"]
[Black "Hoffmann, Asa"]
[WhiteFideId "14526948"]
[BlackFideId "2001470"]
[WhiteElo "2346"]
[BlackElo "2117"]
[Result "1-0"]
[Round "11"]
[TimeControl "180+1"]
[Date "2022.06.14"]
[WhiteClock "0:00:21"]
[BlackClock "0:00:12"]

1. d4 Nf6 2. Nc3 d6 3. e4 c6 4. Be3 Ng4 5. Bg5 Qb6 6. Qd2 Qxb2 7. Rb1 Qa3 8. f3 Nf6 9. e5 Nfd7 10. e6 fxe6 11. Bd3 Nf6 12. Nge2 Qa5 13. O-O g6 14. Bh6 Bxh6 15. Qxh6 Qh5 16. Qe3 O-O 17. Nf4 Qh6 18. Rfe1 Na6 19. Nxe6 Qxe3+ 20. Rxe3 Bxe6 21. Rxe6 Kf7 22. Rxf6+ Kxf6 23. Rxb7 Nb8 24. Ne4+ Kg7 25. Ng5 Rc8 26. h4 Kf6 27. Nxh7+ Ke6 28. Ng5+ Kf6 29. Nh7+ Ke6 30. Bxg6 Nd7 31. Ng5+ Kf6 32. Rxd7 Kxg6 33. Rxe7 Rab8 34. Re6+ Kg7 35. Rxd6 Rb2 36. Rd7+ Kg6 37. Rxa7 Rxc2 38. Kh2 Rd2 39. Kh3 Rxd4 40. g4 c5 41. Ne4 c4 42. h5+ Kh6 43. Kh4 Rxe4 44. fxe4 1-0


[Site "https://www.chess.com"]

[Event "Titled Tuesday Blitz June 14 Early 2022"]
[White "Zierk, Steven"]
[Black "Gunina, Valentina"]
[WhiteFideId "2034255"]
[BlackFideId "4167570"]
[WhiteElo "2494"]
[BlackElo "2386"]
[Result "1-0"]
[Round "11"]
[TimeControl "180+1"]
[Date "2022.06.14"]
[WhiteClock "0:01:09"]
[BlackClock "0:01:48"]

1. b3 d5 2. Bb2 c6 3. Nf3 Bg4 4. g3 Nf6 5. Bg2 Nbd7 6. O-O e6 7. d3 Bc5 8. Nbd2 O-O 9. e4 a5 10. a3 Qb6 11. e5 Ne8 12. d4 Be7 13. c4 f6 14. exf6 Nexf6 15. h3 Bh5 16. Qe2 c5 17. Rfe1 Rae8 18. Qxe6+ Qxe6 19. Rxe6 dxc4 20. Nxc4 a4 21. Rae1 Bd8 22. Rxe8 Rxe8 23. Rxe8+ Bxe8 24. bxa4 Nb6 25. Nxb6 Bxb6 26. Ne5 Bxa4 27. dxc5 Bxc5 28. Bxb7 Kf8 29. Bc6 Bb3 30. Nd7+ Nxd7 31. Bxd7 Ke7 32. Bb5 g6 33. a4 Kd6 34. Kf1 Be6 35. h4 Bh3+ 36. Ke2 Bg4+ 37. f3 Be6 38. a5 Kc7 39. Be5+ Kb7 40. g4 Bb4 41. a6+ Kb6 42. Bd3 Bc5 43. Bf4 Bc8 44. Be3 1-0